 Dungeon Crawl Stone Soup version 0.17.1-3-g152610e (webtiles) character file.

814 Gargoyl the Covered (level 7, -7/55 HPs)
             Began as a Demonspawn Abyssal Knight on Mar 20, 2016.
             Was a Believer of Lugonu.
             Mangled by an ogre
             ... wielding a +0 giant spiked club
              (22 damage)
             ... on level 5 of the Dungeon.
             The game lasted 00:09:21 (4307 turns).

Gargoyl the Covered (Demonspawn Abyssal Knight)     Turns: 4307, Time: 00:09:21

Health: -7/55      AC: 11    Str: 15    XL:     7   Next: 62%
Magic:  9/9        EV:  8    Int: 13    God:    Lugonu [**....]
Gold:   245        SH:  0    Dex: 12    Spells: 0 memorised, 6 levels left

rFire  . . .     SeeInvis .     a - +1 hand axe
rCold  . . .     Clarity  .     t - +0 chain mail
rNeg   . . .     SustAt   +     (no shield)
rPois  .         Gourm    .     (no helmet)
rElec  .         Spirit   .     (no cloak)
rCorr  .         Warding  .     o - +0 pair of gloves
rMut   .         Stasis   .     (no boots)
MR     .....                    (no amulet)
Stlth  ..........               (no ring)
                                e - ring of sustain attributes

@: not resistant to hostile enchantments, extremely unstealthy
A: talons 2, powered by death 1
a: Depart the Abyss, Bend Space, Renounce Religion


You were on level 5 of the Dungeon.
You worshipped Lugonu.
Lugonu was pleased with you.
You were not hungry.

You visited 1 branch of the dungeon, and saw 5 of its levels.
You visited the Abyss 1 time.

You collected 245 gold pieces.

Inventory:

Hand Weapons
 a - a +1 hand axe (weapon)
 h - a +2 flail of holy wrath
Armour
 o - a +0 pair of gloves (worn)
 t - a +0 chain mail (worn)
Jewellery
 e - a ring of sustain attributes (left hand)
Wands
 g - a wand of slowing (29)
 u - a wand of frost (22)
 v - a wand of slowing (9)
Scrolls
 i - 3 scrolls of remove curse {unknown}
 j - a scroll of fear {unknown}
 k - 7 scrolls of identify {unknown}
 l - a scroll of immolation {unknown}
 r - a scroll of random uselessness {unknown}
 x - a scroll of enchant armour {unknown}
Potions
 b - a potion of degeneration {unknown}
 d - a potion of resistance
 n - 2 potions of brilliance
 p - a potion of haste {unknown}
 w - a potion of invisibility {unknown}
 z - a potion of mutation {unknown}
Comestibles
 c - 5 bread rations
 f - 4 fruits
 m - 2 beef jerkies
 s - 2 meat rations
 A - 3 chunks of flesh


   Skills:
 + Level 4.7 Fighting
 + Level 3.7 Axes
 + Level 5.1 Armour
 + Level 3.5 Dodging
 + Level 0.6 Stealth
 + Level 2.8 Invocations


You had 6 spell levels left.
You didn't know any spells.

Dungeon Overview and Level Annotations

Branches:
Dungeon (5/15)
 Temple: D:4-7

Altars:


Innate Abilities, Weirdness & Mutations

You have razor-sharp toenails.
You regenerate a little health from kills.


Message History

The ogre is heavily wounded.
You barely miss the ogre. You claw the ogre, but do no damage.
The ogre is heavily wounded.
The ogre hits you with a giant spiked club!
You hit the ogre. You claw the ogre.
The ogre is severely wounded.
The ogre hits you with a giant spiked club!!
* * * LOW HITPOINT WARNING * * *
You barely miss the ogre.
The ogre is severely wounded.
The ogre barely misses you.
You hit the ogre.
The ogre is almost dead.
You hit the ogre. You claw the ogre, but do no damage.
The ogre is almost dead.
The ogre completely misses you.
Your chain mail prevents you from hitting the ogre.
The ogre is almost dead.
The ogre hits you with a giant spiked club!!
You die...

#.....# #.###.#
#.# #.########
#.# #.........
#.# ##########
#####.# #.....#
#######.#######
.......@.......
#######O.......
#(.......
#(.(....≈
#.(......
.........
.........
.........


You could see an ogre.

Vanquished Creatures
  The ghost of Gargoyl the Skirmisher, an amateur DsAK of Lugonu (D:4)
  3 ogres
  A phantom (D:4)
  A crimson imp (D:4)
  2 orc priests
  3 worker ants (D:4)
  3 adders
  An ooze (D:4)
  2 worms
  2 giant geckos
  12 orcs
  2 ball pythons
  5 giant cockroaches
  A goblin (D:2)
  3 hobgoblins
  8 kobolds
  4 quokkas
  8 bats
  4 giant newts
  6 rats
72 creatures vanquished.

Notes
Turn   | Place    | Note
--------------------------------------------------------------
     0 | Abyss:1  | Gargoyl the Demonspawn Abyssal Knight began the quest for the Orb.
     0 | Abyss:1  | Reached XP level 1. HP: 18/18 MP: 2/2
     8 | Abyss:1  | Found a corrupted altar of Lugonu.
    77 | Abyss:1  | Noticed a starcursed mass
    78 | D:1      | Escaped the Abyss
   167 | D:1      | Reached skill level 1 in Dodging
   415 | D:1      | Reached * piety under Lugonu
   415 | D:1      | Gained mutation: You have sharp toenails. [demonic ancestry]
   415 | D:1      | Reached XP level 2. HP: 22/24 MP: 4/4
  1120 | D:2      | Gained mutation: You regenerate a little health from kills. [demonic ancestry]
  1120 | D:2      | Reached XP level 3. HP: 25/29 MP: 5/5
  1468 | D:3      | Noticed an ogre
  1475 | D:3      | Killed an ogre
  1475 | D:3      | Gained mutation: You have razor-sharp toenails. [demonic ancestry]
  1475 | D:3      | Reached XP level 4. HP: 8/37 MP: 6/6
  1679 | D:3      | Noticed an ogre
  1683 | D:3      | Killed an ogre
  1683 | D:3      | Reached skill level 4 in Fighting
  1683 | D:3      | Reached XP level 5. HP: 34/42 MP: 7/7
  2017 | D:3      | Reached ** piety under Lugonu
  2337 | D:4      | Reached XP level 6. HP: 25/48 MP: 8/8
  2731 | D:4      | Noticed Gargoyl's ghost (amateur DsAK)
  2737 | D:4      | HP: 1/48 [Gargoyl's ghost (5)]
  2866 | D:4      | Killed Gargoyl's ghost
  2866 | D:4      | Reached XP level 7. HP: 31/55 MP: 9/9
  3307 | D:4      | Noticed a phantom
  3395 | D:4      | Killed a phantom
  3842 | D:4      | Noticed an ogre
  3864 | D:4      | HP: 1/55 [ogre/giant club (3)]
  3865 | D:4      | Killed an ogre
  3865 | D:4      | Reached skill level 5 in Armour
  4219 | D:5      | Entered Level 5 of the Dungeon
  4307 | D:5      | Mangled by an ogre

Action                   |  1- 3 |  4- 6 |  7- 9 || total
-------------------------+-------+-------+-------++-------
Melee: Hand axe          |   117 |   138 |   101 ||   356
Throw: Tomahawk          |       |       |     3 ||     3
Invok: Depart the Abyss  |     1 |       |       ||     1
  Use: Potion            |     1 |     6 |     1 ||     8
  Eat: Chunk             |     2 |     4 |     5 ||    11
